 Dungeon Sprint DCSS version 0.31.0-32-g396128a36d (webtiles) character file.

Game seed: 10364221647446005318

96 Heoruswealwe the Ruffian (level 4, 0/52 HPs)
             Began as a Troll Fighter on Mar 28, 2024.
             Incinerated by a bombardier beetle (5 damage)
             ... with a burning spray
             ... in the Dungeon (Sprint IX: "|||||||||||||||||||||||||||||").
             The game lasted 00:01:42 (67 turns).

Heoruswealwe the Ruffian (Troll Fighter)              Turns: 67, Time: 00:01:42

Health: 0/52       AC:  4    Str: 26    XL:     4   Next: 41%
Magic:  3/3        EV: 10    Int:  4    God:
Gold:   0          SH:  0    Dex:  9    Spells: 3/3 levels left

rFire   . .          .
                       - Unarmed
rCold   . . .        (no shield)
rNeg    . . .        c - +0 robe
rPois   .            (helmet restricted)
rElec   .            (no cloak)
rCorr   .            (gloves unavailable)
SInv    .            (boots unavailable)
Will    .....        (no amulet)
Stlth   +            (no ring)
HPRegen 1.08/turn    (no ring)
MPRegen 0.08/turn

%: no teleportation
@: on fire, glowing
A: large, unfitting armour, claws 3, regeneration 1, shaggy fur 1, tough skin 1
a: no special abilities


You were in the Dungeon.
You visited 1 branch

Inventory:

Armour
 c - a +0 robe (worn)
 d - a +0 kite shield
Scrolls
 i - a scroll of blinking
Potions
 a - a potion of might
 b - a potion of curing
 e - a potion of heal wounds
 f - a potion of haste
 g - 2 potions of magic
 h - a potion of berserk rage


   Skills:
 + Level 5.7 Fighting
 - Level 2.4 Dodging
 - Level 2.6 Shields
 + Level 6.5 Unarmed Combat


You had 3 spell levels left.
You didn't know any spells.
Your spell library was empty.

Dungeon Overview and Level Annotations

Branches:
Dungeon (1/1)

Altars:


Innate Abilities, Weirdness & Mutations

You are too large for most types of armour.
You have claws for hands.
Your natural rate of healing is unusually fast.
You are covered in fur. (AC +1)
You have tough skin. (AC +1)


Message History

The liquid fire burns you!
The bombardier beetle sprays incendiary fluid at you.
The burning spray hits you.
You are even more covered in liquid fire!
You mangle the bombardier beetle!!
You kill the bombardier beetle!
The liquid fire burns you!
Your Fighting skill increases to level 5!
You have reached level 4!
You scratch the ufetubus but do no damage.
The liquid fire burns you! The ufetubus slips past you!
The ufetubus hits you but does no damage.
The ufetubus barely misses you. The ufetubus closely misses you. x2
You claw the iguana!
The iguana is heavily wounded.
The liquid fire burns you! The ufetubus barely misses you.
The ufetubus hits you. The iguana bites you.
You claw the iguana!
You kill the iguana!
The liquid fire burns you! The ufetubus hits you.
* * * LOW HITPOINT WARNING * * *
The ufetubus barely misses you.
Your Unarmed Combat skill increases to level 6!
You shake off some of the fire as you move.
The liquid fire burns you!
* * * LOW HITPOINT WARNING * * *
The ufetubus closely misses you. x2
There is an open door here.
You see here an iguana corpse.
You shake off some of the fire as you move.
The liquid fire burns you!
* * * LOW HITPOINT WARNING * * *
The ufetubus attacks as it pursues you!
The ufetubus hits you but does no damage. x2
You see here an adder corpse.
You barely miss the ufetubus. The liquid fire burns you!
You die...

▓.▓
▓'▓
▓)▓
▓.▓
▓.▓
▓.▓
▓.▓
▓5▓
▓@▓
▓.▓
▓.▓
▓.▓
▓.▓
▓+▓


You could see an ufetubus.

Vanquished Creatures
  A bombardier beetle (D)
  2 iguanas (D)
  An adder (D)
  A dart slug (D)
  A bat (D)
  A quokka (D)
  A kobold (D)
  A rat (D)
9 creatures vanquished.

Notes
Turn   | Place    | Note
-------+----------+-------------------------------------------
     0 | D        | Heoruswealwe the Troll Fighter began the quest for the Orb.
     0 | D        | Reached XP level 1. HP: 22/22 MP: 0/0
     3 | D        | Banished a spatial maelstrom
    19 | D        | Reached skill level 3 in Unarmed Combat
    29 | D        | Noticed an iguana
    29 | D        | Noticed a bombardier beetle
    29 | D        | Noticed an iguana
    35 | D        | Reached skill level 4 in Unarmed Combat
    35 | D        | Reached XP level 2. HP: 32/32 MP: 1/1
    41 | D        | Reached skill level 5 in Unarmed Combat
    41 | D        | Reached XP level 3. HP: 28/40 MP: 2/2
    62 | D        | Reached skill level 5 in Fighting
    62 | D        | Reached XP level 4. HP: 31/50 MP: 3/3
    65 | D        | Reached skill level 6 in Unarmed Combat
    67 | D        | Incinerated by a bombardier beetle

Illustrated notes

Levels and vault maps discovered:
D:        linesprint [early_d, line_temple, items_1, d_10, items_2, lair_1,
          lair_end, items_3, orc_1, orc_end, items_4, d_15, swamp_1, shoals_1,
          snake_1, spider_1, d_20, vaults_1, items_5, swamp_end, shoals_end,
          snake_end, spider_end, vaults_end, d_27, items_6, zot_1, zot_end,
          crypt_end, forest_end, elf_end, slime_end, tomb_end, abyss_end,
          pan_hell_end]

Skill      XL: |  1  2  3  4 |
---------------+-------------+-----
Fighting       | 3 4 5 |  5.7
Unarmed Combat | 4 5 6 |  6.5
Dodging        | |  2.4
Shields        | |  2.6

Action                     |  1- 3 |  4- 6 || total
---------------------------+-------+-------++-------
  Melee: Unarmed           |    34 |     4 ||    38
 Armour: Robe              |    10 |     6 ||    16
  Dodge: Dodged            |    11 |     7 ||    18
